 Dungeon Crawl Stone Soup version 0.22-a0-240-g539252a (webtiles) character file.

820 B1inky the Slasher (level 7, -4/46 HPs)
             Began as an Octopode Fighter on Feb 21, 2018.
             Slain by a gnoll
             ... wielding a +0 spear
              (5 damage)
             ... on level 5 of the Dungeon.
             The game lasted 00:08:06 (4460 turns).

B1inky the Slasher (Octopode Fighter)               Turns: 4460, Time: 00:08:07

Health: -4/46      AC:  1    Str: 16    XL:     7   Next: 95%
Magic:  7/7        EV: 13    Int: 10    God:
Gold:   213        SH: 10    Dex: 13    Spells: 6/6 levels left

rFire    . . .     SeeInvis .   l - +3 falchion (holy)
rCold    . . .     Gourm    .   b - +0 shield
rNeg     . . .     Faith    .   (helmet restricted)
rPois    .         Spirit   .   (no amulet)
rElec    .         Reflect  .   (no ring)
rCorr    +         Harm     .   i - ring of protection from magic
MR       +....                  s - ring of resist corrosion
Stlth    +.........             (no ring)
HPRegen  0.15/turn              (no ring)
MPRegen  0.10/turn              (no ring)
                                (no ring)
                                (no ring)

@: hasted, glowing, very quick
A: almost no armour, stealthy swim, amphibious, 8 rings, constrict 8, camouflage
1, gelatinous body 1
a: no special abilities


You were on level 5 of the Dungeon.
You were not hungry.

You visited 1 branch of the dungeon, and saw 5 of its levels.

You collected 213 gold pieces.

Inventory:

Hand Weapons
 l - a +3 falchion of holy wrath (weapon)
Missiles
 p - 8 tomahawks of returning (quivered)
 u - 7 tomahawks
 w - 2 javelins
Armour
 b - a +0 shield (worn)
Jewellery
 i - a ring of protection from magic (right tentacle)
 s - a ring of resist corrosion (on tentacle)
Scrolls
 n - 3 scrolls of amnesia
 x - a scroll of identify
 y - a scroll of teleportation
Potions
 c - 2 potions of might
 h - a potion of ambrosia {unknown}
Comestibles
 d - 10 rations


   Skills:
 - Level 3.0 Fighting
 + Level 6.3 Long Blades
 + Level 4.8 Dodging
 - Level 5.6 Shields


You had 6 spell levels left.
You didn't know any spells.

Dungeon Overview and Level Annotations

Branches:
Dungeon (5/15)
 Temple: D:4-7

Altars:


Innate Abilities, Weirdness & Mutations

You cannot wear most types of armour.
You are very stealthy in the water. (Stealth+)
You are amphibious.
You can wear up to eight rings at the same time.
You can use your tentacles to constrict eight enemies at once.
Your skin changes colour to match your surroundings (Stealth+).
Your rubbery body absorbs attacks. (AC +1, EV +1)


Message History

You constrict the gnoll.
You kill the gnoll!
Unknown command.
The gnoll shaman calls down the wrath of its god upon you.
You are outlined in light.
The gnoll hits you from afar with a spear.
* * * LOW HITPOINT WARNING * * *
You feel better.
The gnoll hits you from afar with a spear!
* * * LOW HITPOINT WARNING * * *
The gnoll hits you from afar with a spear.
* * * LOW HITPOINT WARNING * * *
The gnoll shaman misses you. The gnoll completely misses you.
You aren't carrying any items that you can evoke.
Okay, then.
Quiver which item? (- for none, * to show all) (? for menu, Esc to quit)
Okay, then.
You feel yourself speed up.
The gnoll hits you from afar with a spear.
You die...

...#........... #....#.......#
...#'#########.. ###'##.......#
#...........# .. #.....########
#...........# +.....#......#
#...........# #.....'......+
#...........#######.....##.##.##
###########.........######.##.###
.. ... #.>.......#............ ..
... #.....@...#............ ..
... #.....g...#............ ##
#..##'###g.g.#............ .#
#..##...#....#######..g### ..
#.......#.....#..###g..### ..
#.......#.....#.........+g ..
#.......'.....#...g.....#. ##
#.###...#...).##.g###...## #+
#...#......#..###...#


You could see a gnoll shaman and 2 gnolls.

Vanquished Creatures
  Edmund (D:5)
  A black bear (D:5)
  A bullfrog (D:5)
  A scorpion (D:4)
  A howler monkey (D:5)
  A hound (D:4)
  2 orc priests
  A bullfrog skeleton (D:5)
  A centaur skeleton (D:4)
  An orc wizard (D:5)
  2 iguanas (D:4)
  2 worker ants
  A hound skeleton (D:4)
  A worker ant zombie (D:5)
  2 gnolls (D:5)
  5 adders
  An ooze (D:3)
  2 worms
  A dart slug (D:2)
  5 leopard geckos
  9 orcs
  5 giant cockroaches
  8 goblins
  9 hobgoblins
  5 jackals
  6 kobolds
  3 quokkas
  7 bats
  8 frilled lizards
  A leopard gecko skeleton (D:4)
  A quokka zombie (D:5)
  3 rats
98 creatures vanquished.

Notes
Turn   | Place    | Note
-------+----------+-------------------------------------------
     0 | D:1      | B1inky the Octopode Fighter began the quest for the Orb.
     0 | D:1      | Reached XP level 1. HP: 16/16 MP: 1/1
   219 | D:1      | Reached XP level 2. HP: 19/21 MP: 2/2
   744 | D:1      | Reached XP level 3. HP: 21/26 MP: 3/3
  1125 | D:2      | Reached skill level 3 in Long Blades
  1683 | D:2      | Reached XP level 4. HP: 31/31 MP: 4/4
  2149 | D:3      | Reached XP level 5. HP: 33/36 MP: 5/5
  2849 | D:4      | Noticed a black bear
  2855 | D:4      | Reached skill level 4 in Long Blades
  2864 | D:5      | Entered Level 5 of the Dungeon
  2896 | D:5      | Reached skill level 5 in Shields
  2896 | D:5      | Reached XP level 6. HP: 10/42 MP: 6/6
  3247 | D:5      | Killed a black bear
  3247 | D:5      | Reached skill level 5 in Long Blades
  3550 | D:4      | Reached XP level 7. HP: 43/46 MP: 7/7
  4107 | D:5      | Noticed Edmund
  4120 | D:5      | Killed Edmund
  4120 | D:5      | Reached skill level 6 in Long Blades
  4447 | D:5      | HP: 1/46 [gnoll/spear (6)]
  4459 | D:5      | HP: 1/46 [gnoll/spear (6)]
  4460 | D:5      | Slain by a gnoll

Vault maps used:
D:1:      tarquinn_simple_flora_water_c
D:2:      minmay_misc_feat_tiny, st_stairs_13
D:3:      first_ration
D:5:      uniq_edmund

Skill      XL: |  1  2  3  4  5  6  7 |
---------------+----------------------+-----
Long Blades    | 3 4 5 6 |  6.3
Shields        | 4 5 |  5.6
Dodging        | 4 |  4.8
Fighting       | |  3.0

Action                   |  1- 3 |  4- 6 |  7- 9 || total
-------------------------+-------+-------+-------++-------
Melee: Long sword        |    63 |       |       ||    63
       Constrict         |    27 |    26 |    14 ||    67
       Tentacles         |    21 |    17 |    13 ||    51
       Falchion          |    10 |    87 |    50 ||   147
  Use: Scroll            |     2 |     2 |     1 ||     5
       Potion            |       |     5 |     3 ||     8
 Stab: Sleeping          |    11 |     6 |     6 ||    23
       Distracted        |       |       |     1 ||     1
  Eat: Chunk             |     2 |     6 |     2 ||    10
       Ration            |       |       |     1 ||     1
Armor: Skin              |     5 |     9 |       ||    14
Dodge: Dodged            |    35 |    41 |    12 ||    88
Block: Shield            |    30 |    41 |    28 ||    99
       Rpst.: Long sword |     5 |       |       ||     5
       Falchion          |     3 |    15 |     4 ||    22

Table legend:
 A = Spawn XP
 B = Non-spawn XP
 C = Spawn XP percentage of total XP
 D = Spawn monster count
 E = Non-spawn monster count
 F = Spawn count percentage of total count
 G = Total turns spent on level
                    A         B        C        D         E        F      G
               +---------+---------+-------+---------+---------+-------+---------
         Total |       0 |    1172 |   0.0 |       0 |      98 |   0.0 |  4460
               +---------+---------+-------+---------+---------+-------+---------
           D:1 |       0 |      39 |   0.0 |       0 |      22 |   0.0 |   908
           D:2 |       0 |      56 |   0.0 |       0 |      22 |   0.0 |   967
           D:3 |       0 |      91 |   0.0 |       0 |      18 |   0.0 |   970
           D:4 |       0 |     332 |   0.0 |       0 |      18 |   0.0 |   438
           D:5 |       0 |     654 |   0.0 |       0 |      18 |   0.0 |  1177
               +---------+---------+-------+---------+---------+-------+---------
